AoeStats
← y.尊 尊

African Clearing

510299529Analyzed
2v2 RM · 19h ago on Sep 30, 2026· 35m 51s· 4 players
Game mode
Random Map
Map size
Medium (4 player)
Population
200
Speed
Normal
Resources
Standard
Victory
Conquest
Starting age
Dark Age
Ending age
Imperial Age
RankedLock teamsTeams togetherTeam positionsShared explorationLock speedFull tech treeHidden civsTurbo modeCheats
Victory
Defeat
🇨🇳 Mongols · China
939
+18
🇮🇹 Huns · Italy
883
+20
🇪🇸 Mongols · Spain
1049
-22
🇪🇸 Vietnamese · Spain
909
-16
y.尊 尊
5:55 Loom
13:45 Feudal Age
15:37 Wheelbarrow
14:51 Double-Bit Axe
21:00 Castle Age
26:37 Fletching
26:48 Padded Archer Armor
28:51 Ballistics
29:06 Bodkin Arrow
29:09 Horse Collar
29:33 Gold Mining
32:49 Leather Archer Armor
33:41 Stone Mining
33:59 Nomads
_King_N00b_
6:22 Loom
13:41 Feudal Age
14:59 Double-Bit Axe
15:33 Bloodlines
24:12 Castle Age
32:17 Imperial Age
35:36 Fletching
old school
5:37 Loom
14:18 Feudal Age
20:19 Castle Age
20:30 Forging
20:10 Fletching
23:13 Iron Casting
22:01 Pikeman
22:07 Elite Skirmisher
32:23 Ballistics
33:25 Double-Bit Axe
Sule1714
3:27 Loom
13:47 Feudal Age
23:25 Castle Age
22:04 Fletching
23:43 Gold Mining
23:40 Double-Bit Axe
28:55 Padded Archer Armor
35:28 Bodkin Arrow
Connection lost

Rejoining the realm…

Still unreachable

The connection could not be restored.

Session expired

The server has moved on; the page needs a fresh start.